 Dungeon Sprint DCSS version 0.30-a0-1103-g25895a7845 (webtiles) character file.

Game seed: 3213807675892998173

30 123456 the Trooper (level 3, 0/36 HPs)
             Began as a Minotaur Fighter on Apr 18, 2023.
             Slain by an ice beast (14 damage)
             ... in the Dungeon (Sprint IX: "|||||||||||||||||||||||||||||").
             The game lasted 00:00:07 (60 turns).

123456 the Trooper (Minotaur Fighter)                 Turns: 60, Time: 00:00:07

Health: 0/36       AC:  7    Str: 22    XL:     3   Next: 5%
Magic:  2/2        EV: 10    Int:  5    God:
Gold:   0          SH:  4    Dex:  9    Spells: 2/2 levels left

rFire   . . .      SeeInvis .    a - +0 flail
rCold   . . .      Faith    .    c - +0 buckler
rNeg    . . .      Spirit   .    b - +0 scale mail
rPois   .          Reflect  .    (helmet restricted)
rElec   .          Rampage  .    (no cloak)
rCorr   .          NoTele   +    (no gloves)
Will    .....                    (no boots) Stlth
                                 (no amulet)
HPRegen 0.26/turn                (no ring)
MPRegen 0.08/turn                (no ring)

@: no status effects
A: horns 2, retaliatory headbutt
a: no special abilities


You were in the Dungeon.
You visited 1 branch

Inventory:

Hand Weapons
 a - a +0 flail (weapon)
Armour
 b - a +0 scale mail (worn)
 c - a +0 buckler (worn)
Scrolls
 j - a scroll of blinking
Potions
 d - a potion of might
 e - a potion of curing
 f - a potion of heal wounds
 g - a potion of haste
 h - 2 potions of magic
 i - a potion of berserk rage


   Skills:
 * Level 5.6 Fighting
 * Level 4.8 Maces & Flails
 + Level 4.6 Armour
 + Level 2.3 Dodging
 - Level 3.6 Shields


You had 2 spell levels left.
You didn't know any spells.
Your spell library was empty.

Dungeon Overview and Level Annotations

Branches:
Dungeon (1/1)

Altars:


Innate Abilities, Weirdness & Mutations

You have a pair of horns on your head.
You reflexively headbutt those who attack you in melee.


Message History

The orc wizard is moderately wounded.
The orc wizard barely misses you. x2
You barely miss the orc wizard.
The orc wizard is moderately wounded.
The orc wizard casts a spell.
The orc wizard flickers and vanishes!
Deactivating autopickup; reactivate with Ctrl-A.
The orc wizard hits you but does no damage.
You hit the orc wizard but do no damage.
You headbutt the orc wizard!
The orc wizard is almost dead.
The orc wizard casts a spell at you. The puff of flame hits you.
You barely miss the orc wizard.
The orc wizard is almost dead.
You block the orc wizard's attack.
The orc wizard hits you with a +0 dagger.
You closely miss the orc wizard.
The orc wizard is almost dead.
The orc wizard barely misses you.
You sock the orc wizard!
You kill the orc wizard!
Your Fighting skill increases to level 5!
Your Maces & Flails skill increases to level 4!
Your Dodging skill increases to level 2!
You have reached level 2!
You have reached level 3!
Your experience leads to an increase in your attributes!
Increase (S)trength, (I)ntelligence, or (D)exterity?
You feel stronger. x2
You hit the ice beast but do no damage. You headbutt the ice beast.
The ice beast is moderately wounded.
The ice beast hits you but does no damage.
You barely miss the ice beast.
The ice beast is moderately wounded.
The ice beast hits you. The ice beast freezes you!
You completely miss the ice beast. Your headbutt misses the ice beast.
The ice beast is moderately wounded.
The ice beast hits you. The ice beast freezes you!
You die... ▓▓▓▓▓▓▓▓▓▓▓▓▓▓▓▓▓▓ +..ho.Y@....)...<▓ ▓▓▓▓▓▓▓▓▓▓▓▓▓▓▓▓▓▓

You could see an ice beast, a hound and an orc.

Vanquished Creatures
  An orc wizard (D)
  2 giant cockroaches (D)
  A jackal (D)
  A quokka (D)
  A goblin (D)
6 creatures vanquished.

Notes
Turn   | Place    | Note
-------+----------+-------------------------------------------
     0 | D        | 123456 the Minotaur Fighter began the quest for the Orb.
     0 | D        | Reached XP level 1. HP: 19/19 MP: 0/0
     7 | D        | Reached skill level 4 in Fighting
    10 | D        | Reached skill level 1 in Dodging
    49 | D        | Noticed a hound
    49 | D        | Noticed an orc wizard
    49 | D        | Noticed an ice beast
    49 | D        | Noticed an orc wizard
    57 | D        | Killed an orc wizard
    58 | D        | Reached skill level 5 in Fighting
    58 | D        | Reached XP level 2. HP: 19/29 MP: 1/1
    58 | D        | Reached XP level 3. HP: 24/36 MP: 2/2
    60 | D        | Slain by an ice beast

Illustrated notes

Levels and vault maps discovered:
D:        linesprint [early_d, line_temple, items_1, d_10, items_2, lair_1,
          lair_end, items_3, orc_1, orc_end, items_4, d_15, swamp_1, shoals_1,
          snake_1, spider_1, d_20, vaults_1, items_5, swamp_end, shoals_end,
          snake_end, spider_end, vaults_end, d_27, items_6, zot_1, zot_end,
          crypt_end, forest_end, elf_end, slime_end, tomb_end, abyss_end,
          pan_hell_end]

Skill      XL: |  1 |
---------------+----+-----
Fighting       | 5 |  5.6
Maces & Flails | 4 |  4.8
Dodging        | 2 |  2.3
Armour         | 4 |  4.6
Shields        | |  3.6

Action                     || total
---------------------------++-------
  Melee: Flail             ||    22
         Headbutt          ||     2
 Armour: Scale mail        ||    10
  Dodge: Dodged            ||     6
  Block: Buckler           ||     1

Table legend: (Time is in decaauts)
 A = Elapsed time spent in this place.
 B = Non-inter-level travel time spent in this place.
 C = Inter-level travel time spent in this place.
 D = Time resting spent in this place.
 E = Time spent auto-exploring this place.
 F = Levels seen in this place.
 G = Mean time per level.
                   A        B        C        D        E       F      G
               +--------+--------+--------+--------+--------+-----+--------+
         Total |     65 |     65 |      0 |      0 |     37 |   1 |   65.0 |
       Dungeon |     65 |     65 |      0 |      0 |     37 |   1 |   65.0 |
               +--------+--------+--------+--------+--------+-----+--------+

Top non-repeatable levels by time:
       D: 65 daAuts
